[ AOE2 MATCH · #483174695 ]
Team RMBritons vs Celts
[ REPLAY ANALYSIS · EXTRACTED FROM THE RECORDED GAME ]
Feudal
9:42
Castle
17:35
Imperial
—
| APM avg | 42.5 |
| APM peak | 105 |
| eAPM avg | 15.2 |
| Villagers / military | 115 / 59 |
Focus
⚔️ 20.1% · 🌾 79.9%
Spearman ×39 · Longbowman ×11 · Monk ×5 · Battering Ram ×3 · Mangonel ×1
Feudal
12:00
Castle
16:56
Imperial
—
| APM avg | 20.8 |
| APM peak | 57 |
| eAPM avg | 11.4 |
| Villagers / military | 68 / 33 |
Focus
⚔️ 16.3% · 🌾 83.7%
Steppe Lancer ×30 · Mangudai ×3
Feudal
13:11
Castle
18:58
Imperial
—
| APM avg | 15.9 |
| APM peak | 32 |
| eAPM avg | 11.6 |
| Villagers / military | 84 / 39 |
Focus
⚔️ 17.4% · 🌾 82.6%
Spearman ×20 · Woad Raider ×12 · Battering Ram ×7
Feudal
10:25
Castle
15:55
Imperial
—
| APM avg | 27.1 |
| APM peak | 62 |
| eAPM avg | 12.9 |
| Villagers / military | 68 / 20 |
Focus
⚔️ 25.1% · 🌾 74.9%
Mameluke ×19 · Battering Ram ×1
Match map
Resources at game start + every placement click. Thick line = wall · dashed box = detected house wall. 🟡 gold · ⚪ stone · 🟢 berries · 🔶 boar · ⭕ relic
Inputs per minute
— Nerdyx - - BIGxEC
Build order — Nerdyx
First 150 of 287 actions detected
| 0:02 | Create | Villager (Male) |
| 0:02 | Create | Villager (Male) |
| 0:03 | Build | House |
| 0:04 | Build | House |
| 0:05 | Create | Villager (Male) |
| 0:05 | Create | Villager (Male) |
| 1:35 | Create | Villager (Male) |
| 1:35 | Create | Villager (Male) |
| 1:37 | Create | Villager (Male) |
| 2:03 | Create | Villager (Male) |
| 2:03 | Create | Villager (Male) |
| 2:57 | Create | Villager (Male) |
| 2:57 | Create | Villager (Male) |
| 2:57 | Create | Villager (Male) |
| 3:22 | Create | Villager (Male) |
| 3:46 | Create | Villager (Male) |
| 4:07 | Build | House |
| 4:09 | Create | Villager (Male) |
| 4:24 | Create | Villager (Male) |
| 5:06 | Build | Mill |
| 5:10 | Create | Villager (Male) |
| 5:38 | Create | Villager (Male) |
| 5:44 | Build | Lumber Camp |
| 5:55 | Build | House |
| 6:11 | Create | Villager (Male) |
| 6:31 | Create | Villager (Male) |
| 6:49 | Build | Mining Camp |
| 7:02 | Create | Villager (Male) |
| 7:17 | Research | Feudal Age |
| 8:19 | Create | Villager (Male) |
| 8:27 | Build | House |
| 8:31 | Create | Villager (Male) |
| 8:59 | Build | Lumber Camp |
| 9:42 | Age | Feudal Age |
| 9:45 | Research | Double-Bit Axe |
| 10:32 | Create | Villager (Male) |
| 10:54 | Create | Villager (Male) |
| 11:05 | Build | Farm |
| 11:22 | Research | Loom |
| 11:25 | Build | Farm |
| 11:28 | Build | Farm |
| 11:31 | Build | Farm |
| 11:34 | Create | Villager (Male) |
| 11:50 | Build | House |
| 11:58 | Build | Farm |
| 12:11 | Build | Building 796 |
| 12:14 | Build | Palisade Wall |
| 12:18 | Create | Villager (Male) |
| 12:28 | Create | Villager (Male) |
| 12:30 | Build | Farm |
| 12:47 | Create | Villager (Male) |
| 13:03 | Build | Market |
| 13:05 | Create | Villager (Male) |
| 13:53 | Create | Villager (Male) |
| 14:00 | Build | Mining Camp |
| 14:06 | Build | Blacksmith |
| 14:13 | Build | Farm |
| 14:14 | Create | Villager (Male) |
| 14:27 | Research | Stone Mining |
| 14:30 | Research | Gold Mining |
| 14:33 | Create | Villager (Male) |
| 14:41 | Research | Horse Collar |
| 14:55 | Research | Castle Age |
| 14:55 | Research | Castle Age |
| 14:55 | Research | Castle Age |
| 14:57 | Build | House |
| 14:59 | Build | House |
| 15:03 | Research | Stone Mining |
| 15:47 | Build | House |
| 15:49 | Build | House |
| 15:58 | Create | Villager (Male) |
| 16:32 | Build | House |
| 17:08 | Build | Mining Camp |
| 17:10 | Build | House |
| 17:13 | Build | House |
| 17:15 | Build | House |
| 17:35 | Age | Castle Age |
| 17:37 | Build | Town Center |
| 17:46 | Create | Villager (Male) |
| 17:48 | Research | Bow Saw |
| 17:54 | Build | Town Center |
| 17:59 | Create | Villager (Male) |
| 18:00 | Research | Gold Shaft Mining |
| 18:04 | Build | Farm |
| 18:32 | Build | Farm |
| 18:33 | Create | Villager (Male) |
| 18:41 | Build | House |
| 18:47 | Build | House |
| 18:49 | Build | House |
| 19:10 | Create | Villager (Male) |
| 19:11 | Create | Villager (Male) |
| 19:11 | Create | Villager (Male) |
| 19:19 | Build | Farm |
| 19:22 | Create | Villager (Male) |
| 19:23 | Create | Villager (Male) |
| 19:23 | Create | Villager (Male) |
| 19:25 | Create | Villager (Male) |
| 19:25 | Create | Villager (Male) |
| 19:45 | Build | Farm |
| 20:03 | Build | Palisade Gate |
| 20:05 | Build | House |
| 20:16 | Create | Villager (Male) |
| 20:16 | Create | Villager (Male) |
| 20:16 | Create | Villager (Male) |
| 20:22 | Build | Farm |
| 20:33 | Build | Farm |
| 20:35 | Create | Villager (Male) |
| 20:36 | Create | Villager (Male) |
| 20:36 | Create | Villager (Male) |
| 20:36 | Create | Villager (Male) |
| 20:41 | Build | Farm |
| 20:48 | Build | Farm |
| 20:50 | Build | Farm |
| 20:59 | Build | Stone Wall |
| 21:02 | Build | Stone Wall |
| 21:06 | Build | Stone Wall |
| 21:17 | Build | House |
| 21:25 | Research | Fletching |
| 21:28 | Build | Farm |
| 21:32 | Build | House |
| 21:38 | Create | Villager (Male) |
| 21:38 | Create | Villager (Male) |
| 21:38 | Create | Villager (Male) |
| 21:38 | Create | Villager (Male) |
| 22:06 | Create | Villager (Male) |
| 22:06 | Create | Villager (Male) |
| 22:06 | Create | Villager (Male) |
| 22:07 | Create | Villager (Male) |
| 22:10 | Build | Farm |
| 22:14 | Build | Stone Wall |
| 22:16 | Build | Stone Wall |
| 22:17 | Build | Stone Wall |
| 22:26 | Create | Villager (Male) |
| 22:28 | Create | Villager (Male) |
| 22:28 | Create | Villager (Male) |
| 22:43 | Build | Farm |
| 23:06 | Build | Mining Camp |
| 23:17 | Build | Stone Wall |
| 23:25 | Build | House |
| 23:33 | Build | Farm |
| 23:35 | Build | Farm |
| 23:39 | Build | Farm |
| 23:43 | Build | Farm |
| 23:46 | Build | Farm |
| 23:47 | Build | Farm |
| 24:01 | Build | Farm |
| 24:06 | Build | Farm |
| 24:08 | Research | Wheelbarrow |
| 24:09 | Create | Villager (Male) |
| 24:09 | Create | Villager (Male) |
Build order — BIGxEC
First 150 of 176 actions detected
| 0:02 | Create | Villager (Male) |
| 0:02 | Create | Villager (Male) |
| 0:03 | Create | Villager (Male) |
| 0:03 | Create | Villager (Male) |
| 0:03 | Create | Villager (Male) |
| 0:04 | Create | Villager (Male) |
| 0:06 | Build | House |
| 0:09 | Build | House |
| 1:30 | Create | Villager (Male) |
| 1:56 | Build | Lumber Camp |
| 1:57 | Create | Villager (Male) |
| 1:58 | Create | Villager (Male) |
| 2:30 | Create | Villager (Male) |
| 2:31 | Create | Villager (Male) |
| 2:59 | Create | Villager (Male) |
| 3:00 | Create | Villager (Male) |
| 3:00 | Create | Villager (Male) |
| 3:01 | Create | Villager (Male) |
| 3:51 | Build | House |
| 3:52 | Create | Villager (Male) |
| 3:52 | Create | Villager (Male) |
| 4:07 | Build | Mill |
| 4:09 | Create | Villager (Male) |
| 4:10 | Create | Villager (Male) |
| 4:29 | Build | House |
| 4:46 | Create | Villager (Male) |
| 4:47 | Create | Villager (Male) |
| 5:25 | Create | Villager (Male) |
| 5:44 | Create | Villager (Male) |
| 6:15 | Create | Villager (Male) |
| 6:42 | Build | Mill |
| 6:58 | Create | Villager (Male) |
| 7:36 | Create | Villager (Male) |
| 7:39 | Create | Villager (Male) |
| 7:47 | Build | House |
| 7:53 | Build | House |
| 7:58 | Create | Villager (Male) |
| 8:33 | Build | Mill |
| 8:37 | Create | Villager (Male) |
| 9:03 | Build | Mining Camp |
| 9:09 | Research | Loom |
| 9:50 | Research | Feudal Age |
| 10:54 | Build | Barracks |
| 11:17 | Build | Palisade Wall |
| 11:34 | Build | Palisade Wall |
| 11:53 | Create | Villager (Male) |
| 12:00 | Age | Feudal Age |
| 12:28 | Build | Stable |
| 12:31 | Create | Villager (Male) |
| 12:36 | Create | Villager (Male) |
| 13:19 | Create | Villager (Male) |
| 13:50 | Build | Blacksmith |
| 13:51 | Create | Villager (Male) |
| 14:13 | Research | Castle Age |
| 14:28 | Create | Villager (Male) |
| 15:08 | Build | Stable |
| 15:12 | Create | Villager (Male) |
| 15:22 | Build | Lumber Camp |
| 15:28 | Research | Double-Bit Axe |
| 15:38 | Research | Horse Collar |
| 16:01 | Create | Villager (Male) |
| 16:10 | Build | Farm |
| 16:13 | Build | Farm |
| 16:18 | Build | Farm |
| 16:20 | Build | Farm |
| 16:29 | Research | Bloodlines |
| 16:50 | Build | Farm |
| 16:52 | Build | Farm |
| 16:54 | Build | Farm |
| 16:56 | Age | Castle Age |
| 17:01 | Build | Farm |
| 17:09 | Create | Steppe Lancer |
| 17:17 | Build | Farm |
| 17:24 | Build | Farm |
| 17:35 | Build | Farm |
| 17:37 | Build | Farm |
| 17:44 | Create | Villager (Male) |
| 17:48 | Build | House |
| 17:50 | Build | House |
| 17:52 | Build | House |
| 17:54 | Build | House |
| 17:59 | Build | Farm |
| 18:10 | Create | Steppe Lancer |
| 18:15 | Create | Villager (Male) |
| 18:21 | Build | Farm |
| 18:23 | Build | Farm |
| 18:27 | Build | Farm |
| 18:41 | Create | Steppe Lancer |
| 18:48 | Build | Farm |
| 19:03 | Create | Villager (Male) |
| 19:33 | Create | Villager (Male) |
| 19:37 | Build | Farm |
| 19:40 | Build | Farm |
| 19:43 | Create | Steppe Lancer |
| 19:44 | Create | Steppe Lancer |
| 20:03 | Create | Steppe Lancer |
| 20:04 | Create | Steppe Lancer |
| 20:11 | Build | Farm |
| 20:33 | Build | Market |
| 20:35 | Create | Villager (Male) |
| 20:36 | Create | Villager (Male) |
| 20:59 | Create | Villager (Male) |
| 21:03 | Create | Steppe Lancer |
| 21:03 | Create | Steppe Lancer |
| 21:38 | Create | Villager (Male) |
| 21:49 | Create | Steppe Lancer |
| 21:50 | Create | Steppe Lancer |
| 21:50 | Create | Steppe Lancer |
| 22:55 | Create | Villager (Male) |
| 22:55 | Create | Villager (Male) |
| 22:58 | Create | Villager (Male) |
| 23:04 | Create | Steppe Lancer |
| 23:04 | Create | Steppe Lancer |
| 23:05 | Create | Steppe Lancer |
| 23:05 | Create | Steppe Lancer |
| 23:20 | Build | Town Center |
| 23:24 | Create | Villager (Male) |
| 23:42 | Create | Steppe Lancer |
| 23:43 | Create | Steppe Lancer |
| 23:47 | Research | Scale Barding Armor |
| 24:07 | Build | House |
| 24:09 | Build | House |
| 24:17 | Build | House |
| 24:17 | Build | House |
| 24:18 | Build | House |
| 24:18 | Build | House |
| 25:03 | Create | Villager (Male) |
| 25:03 | Create | Villager (Male) |
| 25:05 | Create | Villager (Male) |
| 25:05 | Create | Villager (Male) |
| 25:10 | Create | Villager (Male) |
| 25:14 | Research | Bow Saw |
| 25:19 | Create | Steppe Lancer |
| 25:19 | Create | Steppe Lancer |
| 25:22 | Create | Steppe Lancer |
| 25:23 | Create | Steppe Lancer |
| 25:27 | Build | House |
| 25:29 | Build | House |
| 25:36 | Build | House |
| 25:45 | Build | House |
| 25:47 | Create | Villager (Male) |
| 25:48 | Create | Villager (Male) |
| 25:54 | Research | Stone Mining |
| 26:11 | Build | Farm |
| 26:13 | Build | Farm |
| 26:14 | Build | Farm |
| 27:11 | Create | Villager (Male) |
| 27:15 | Create | Steppe Lancer |
| 27:15 | Create | Steppe Lancer |
| 27:18 | Create | Steppe Lancer |
Build order — Such_A_Noob
First 150 of 202 actions detected
| 0:05 | Create | Villager (Male) ×4 |
| 0:05 | Create | Villager (Male) ×4 |
| 0:09 | Build | House |
| 0:13 | Build | House |
| 1:31 | Create | Villager (Male) |
| 1:31 | Create | Villager (Male) |
| 1:54 | Create | Villager (Male) |
| 2:27 | Create | Villager (Male) |
| 2:40 | Create | Villager (Male) |
| 3:02 | Create | Villager (Male) |
| 3:29 | Create | Villager (Male) |
| 3:54 | Build | Lumber Camp |
| 4:06 | Create | Villager (Male) |
| 4:06 | Create | Villager (Male) |
| 4:29 | Create | Villager (Male) |
| 4:38 | Build | House |
| 4:40 | Build | House |
| 4:46 | Research | Loom |
| 4:46 | Create | Villager (Male) |
| 4:47 | Create | Villager (Male) |
| 5:23 | Build | House |
| 5:31 | Create | Villager (Male) |
| 5:32 | Create | Villager (Male) |
| 6:09 | Build | Palisade Wall |
| 6:20 | Create | Villager (Male) |
| 6:20 | Create | Villager (Male) |
| 7:06 | Create | Villager (Male) |
| 7:18 | Build | Mill |
| 7:41 | Create | Villager (Male) |
| 8:06 | Build | Mill |
| 8:13 | Build | Mill |
| 8:17 | Create | Villager (Male) |
| 8:18 | Create | Villager (Male) |
| 8:18 | Create | Villager (Male) |
| 9:02 | Create | Villager (Male) |
| 9:53 | Create | Villager (Male) |
| 9:53 | Create | Villager (Male) |
| 10:18 | Build | Mining Camp |
| 10:35 | Research | Feudal Age |
| 10:47 | Build | House |
| 10:48 | Build | House |
| 11:53 | Build | Building 796 |
| 12:05 | Create | Villager (Male) |
| 12:05 | Create | Villager (Male) |
| 12:05 | Create | Villager (Male) |
| 13:09 | Build | Barracks |
| 13:11 | Age | Feudal Age |
| 13:17 | Create | Villager (Male) |
| 13:39 | Build | Blacksmith |
| 13:42 | Build | Stable |
| 13:53 | Create | Villager (Male) |
| 13:54 | Create | Villager (Male) |
| 13:55 | Create | Villager (Male) |
| 14:02 | Build | Farm |
| 14:03 | Build | Farm |
| 14:04 | Build | Farm |
| 14:05 | Build | Farm |
| 14:31 | Research | Double-Bit Axe |
| 14:39 | Build | House |
| 14:41 | Build | House |
| 14:50 | Create | Villager (Male) |
| 15:12 | Create | Villager (Male) |
| 15:21 | Build | Farm |
| 15:23 | Build | Farm |
| 15:24 | Build | Farm |
| 15:46 | Research | Town Watch |
| 16:05 | Build | Farm |
| 16:07 | Build | Farm |
| 16:09 | Build | Farm |
| 16:15 | Build | Farm |
| 16:18 | Research | Castle Age |
| 16:39 | Build | House |
| 16:54 | Build | Mining Camp |
| 17:01 | Build | Mining Camp |
| 17:06 | Create | Spearman |
| 17:06 | Create | Spearman |
| 17:11 | Research | Scale Mail Armor |
| 17:22 | Build | House |
| 17:29 | Create | Villager (Male) |
| 17:29 | Create | Villager (Male) |
| 17:51 | Build | Lumber Camp |
| 18:58 | Create | Spearman |
| 18:58 | Create | Spearman |
| 18:58 | Age | Castle Age |
| 18:58 | Create | Spearman |
| 19:10 | Build | Town Center |
| 19:23 | Research | Pikeman (upgrade) |
| 19:30 | Create | Villager (Male) |
| 19:30 | Create | Villager (Male) |
| 19:31 | Create | Villager (Male) |
| 19:45 | Build | Town Center |
| 20:01 | Build | Farm |
| 20:15 | Create | Villager (Male) |
| 20:16 | Create | Villager (Male) |
| 20:16 | Create | Villager (Male) |
| 20:34 | Create | Villager (Male) |
| 20:50 | Build | Farm |
| 20:53 | Build | Farm |
| 20:53 | Build | Farm |
| 20:55 | Build | Farm |
| 21:03 | Create | Spearman |
| 21:04 | Create | Spearman |
| 21:04 | Create | Spearman |
| 21:16 | Create | Villager (Male) |
| 21:30 | Create | Villager (Male) |
| 21:41 | Create | Villager (Male) |
| 21:50 | Build | Farm |
| 21:51 | Build | Farm |
| 22:15 | Build | Castle |
| 22:40 | Create | Villager (Male) |
| 22:40 | Create | Villager (Male) |
| 22:41 | Create | Villager (Male) |
| 22:52 | Create | Villager (Male) |
| 22:53 | Create | Villager (Male) |
| 23:30 | Create | Villager (Male) |
| 23:30 | Create | Villager (Male) |
| 23:37 | Build | Town Center |
| 23:54 | Build | Siege Workshop |
| 23:59 | Create | Villager (Male) |
| 24:00 | Create | Villager (Male) |
| 24:02 | Create | Villager (Male) |
| 24:03 | Create | Villager (Male) |
| 24:03 | Create | Villager (Male) |
| 24:33 | Create | Villager (Male) |
| 24:37 | Create | Villager (Male) |
| 24:38 | Create | Villager (Male) |
| 24:47 | Create | Battering Ram |
| 24:48 | Create | Battering Ram |
| 24:53 | Create | Battering Ram |
| 25:03 | Build | Farm |
| 25:14 | Create | Villager (Male) |
| 25:14 | Create | Villager (Male) |
| 25:14 | Create | Villager (Male) |
| 25:27 | Create | Battering Ram |
| 25:32 | Create | Spearman ×3 |
| 25:43 | Build | Farm |
| 25:50 | Build | Farm |
| 25:59 | Build | Farm |
| 25:59 | Build | Farm |
| 25:59 | Build | Farm |
| 26:00 | Build | Farm |
| 26:01 | Build | Farm |
| 26:01 | Build | Farm |
| 26:01 | Build | Farm |
| 26:23 | Create | Woad Raider ×3 |
| 26:23 | Create | Woad Raider ×3 |
| 26:39 | Create | Villager (Male) |
| 26:39 | Create | Villager (Male) |
| 26:44 | Create | Villager (Male) |
| 26:59 | Create | Battering Ram |
Build order — gdanelutti87
First 150 of 163 actions detected
| 0:01 | Create | Villager (Male) |
| 0:03 | Build | House |
| 0:06 | Build | House |
| 0:20 | Create | Villager (Male) |
| 0:20 | Create | Villager (Male) |
| 0:34 | Create | Villager (Male) |
| 1:47 | Create | Villager (Male) |
| 2:00 | Create | Villager (Male) |
| 2:30 | Create | Villager (Male) |
| 2:32 | Create | Villager (Male) |
| 3:13 | Create | Villager (Male) |
| 3:53 | Build | Lumber Camp |
| 3:56 | Create | Villager (Male) |
| 4:00 | Create | Villager (Male) |
| 4:16 | Build | House |
| 4:20 | Create | Villager (Male) |
| 4:26 | Create | Villager (Male) |
| 4:55 | Build | Mill |
| 4:58 | Create | Villager (Male) |
| 5:12 | Create | Villager (Male) |
| 5:51 | Create | Villager (Male) |
| 6:11 | Build | Palisade Wall |
| 6:12 | Build | Palisade Wall |
| 6:13 | Build | Palisade Wall |
| 6:14 | Build | Palisade Wall |
| 6:15 | Build | Palisade Wall |
| 6:17 | Build | Palisade Wall |
| 6:18 | Build | Palisade Wall |
| 6:23 | Build | Palisade Wall |
| 6:26 | Build | Palisade Wall |
| 6:29 | Create | Villager (Male) |
| 6:48 | Create | Villager (Male) |
| 6:54 | Build | House |
| 6:59 | Research | Loom |
| 6:59 | Create | Villager (Male) |
| 7:00 | Create | Villager (Male) |
| 7:17 | Create | Villager (Male) |
| 8:15 | Research | Feudal Age |
| 8:15 | Research | Feudal Age |
| 8:53 | Create | Villager (Male) |
| 8:53 | Create | Villager (Male) |
| 9:25 | Build | House |
| 10:19 | Build | Mining Camp |
| 10:23 | Create | Villager (Male) |
| 10:25 | Age | Feudal Age |
| 10:56 | Create | Villager (Male) |
| 11:22 | Build | Market |
| 11:42 | Research | Double-Bit Axe |
| 11:46 | Create | Villager (Male) |
| 12:38 | Build | Blacksmith |
| 13:15 | Research | Castle Age |
| 13:41 | Build | Farm |
| 13:42 | Build | Farm |
| 14:28 | Build | Building 796 |
| 14:32 | Create | Villager (Male) |
| 14:37 | Build | Mining Camp |
| 14:41 | Create | Villager (Male) |
| 14:57 | Build | House |
| 14:59 | Build | House |
| 15:14 | Build | Farm |
| 15:15 | Build | Farm |
| 15:16 | Build | Farm |
| 15:17 | Build | Farm |
| 15:48 | Build | Farm |
| 15:55 | Age | Castle Age |
| 15:57 | Build | Farm |
| 16:04 | Build | Farm |
| 16:40 | Create | Villager (Male) |
| 16:55 | Create | Villager (Male) |
| 17:20 | Build | Farm |
| 18:12 | Build | Castle |
| 18:30 | Build | House |
| 18:34 | Build | House |
| 18:44 | Build | House |
| 18:46 | Build | House |
| 18:50 | Build | House |
| 19:15 | Build | Farm |
| 19:19 | Build | Farm |
| 19:20 | Create | Villager (Male) |
| 19:21 | Create | Villager (Male) |
| 19:22 | Create | Villager (Male) |
| 19:23 | Create | Villager (Male) |
| 20:06 | Build | Lumber Camp |
| 20:17 | Create | Villager (Male) |
| 20:47 | Create | Villager (Male) |
| 21:16 | Create | Villager (Male) |
| 21:21 | Research | Horse Collar |
| 21:40 | Create | Villager (Male) |
| 21:57 | Build | Town Center |
| 22:05 | Create | Mameluke |
| 22:06 | Create | Mameluke |
| 22:08 | Create | Mameluke |
| 22:23 | Research | Fletching |
| 22:26 | Create | Villager (Male) |
| 22:29 | Create | Villager (Male) |
| 23:04 | Build | Lumber Camp |
| 23:37 | Build | Siege Workshop |
| 23:42 | Create | Mameluke |
| 23:43 | Create | Mameluke |
| 24:00 | Create | Villager (Male) |
| 24:00 | Create | Villager (Male) |
| 24:01 | Create | Villager (Male) |
| 24:02 | Create | Villager (Male) |
| 24:02 | Create | Villager (Male) |
| 24:03 | Create | Villager (Male) |
| 24:03 | Create | Villager (Male) |
| 25:10 | Build | Castle |
| 25:18 | Build | Farm |
| 25:23 | Create | Villager (Male) |
| 25:23 | Create | Villager (Male) |
| 25:39 | Create | Battering Ram |
| 26:10 | Build | Stone Wall |
| 26:46 | Build | Stone Wall |
| 26:48 | Build | Stone Wall |
| 26:57 | Create | Mameluke |
| 26:57 | Create | Mameluke |
| 26:58 | Create | Mameluke |
| 27:06 | Create | Villager (Male) |
| 27:28 | Build | Farm |
| 27:30 | Create | Villager (Male) |
| 27:36 | Create | Villager (Male) |
| 28:16 | Build | Farm |
| 28:17 | Create | Villager (Male) |
| 28:19 | Create | Villager (Male) |
| 28:28 | Create | Mameluke |
| 28:34 | Build | Farm |
| 28:35 | Build | Farm |
| 28:37 | Build | Farm |
| 28:40 | Build | Farm |
| 28:46 | Build | Mining Camp |
| 28:50 | Build | Farm |
| 28:51 | Create | Villager (Male) |
| 28:51 | Create | Villager (Male) |
| 28:57 | Create | Mameluke |
| 29:17 | Build | Farm |
| 29:49 | Build | Farm |
| 30:10 | Build | Castle |
| 30:12 | Create | Villager (Male) |
| 30:13 | Create | Villager (Male) |
| 30:16 | Create | Villager (Male) |
| 30:17 | Create | Villager (Male) |
| 30:18 | Create | Villager (Male) |
| 30:47 | Build | Stone Wall |
| 30:50 | Create | Villager (Male) |
| 30:51 | Create | Villager (Male) |
| 30:55 | Create | Villager (Male) |
| 30:56 | Create | Villager (Male) |
| 31:03 | Build | Farm |
| 31:04 | Create | Villager (Male) |
| 31:14 | Create | Mameluke |
Match timeline
| 6:09 | Such_A_Noob · wall_segment Palisade Wall x15 |
| 6:11 | gdanelutti87 · wall_segment Palisade Wall x1 |
| 6:12 | gdanelutti87 · wall_segment Palisade Wall x1 |
| 6:13 | gdanelutti87 · wall_segment Palisade Wall x1 |
| 6:14 | gdanelutti87 · wall_segment Palisade Wall x1 |
| 6:15 | gdanelutti87 · wall_segment Palisade Wall x1 |
| 6:17 | gdanelutti87 · wall_segment Palisade Wall x1 |
| 6:18 | gdanelutti87 · wall_segment Palisade Wall x1 |
| 6:23 | gdanelutti87 · wall_segment Palisade Wall x3 |
| 6:26 | gdanelutti87 · wall_segment Palisade Wall x5 |
| 9:42 | Nerdyx · age_up feudal |
| 10:25 | gdanelutti87 · age_up feudal |
| 10:54 | BIGxEC · first_building Barracks |
| 11:17 | BIGxEC · wall_segment Palisade Wall x4 |
| 11:34 | BIGxEC · wall_segment Palisade Wall x8 |
| 12:00 | BIGxEC · age_up feudal |
| 12:14 | Nerdyx · wall_segment Palisade Wall x1 |
| 12:28 | BIGxEC · first_building Stable |
| 13:09 | Such_A_Noob · first_building Barracks |
| 13:11 | Such_A_Noob · age_up feudal |
| 13:42 | Such_A_Noob · first_building Stable |
| 14:51 | gdanelutti87 · first_market_buy 100 wood |
| 15:55 | gdanelutti87 · age_up castle |
| 16:56 | BIGxEC · age_up castle |
| 17:35 | Nerdyx · age_up castle |
| 18:12 | gdanelutti87 · first_building Castle |
| 18:58 | Such_A_Noob · age_up castle |
| 20:59 | Nerdyx · wall_segment Stone Wall x1 |
| 21:02 | Nerdyx · wall_segment Stone Wall x1 |
| 21:06 | Nerdyx · wall_segment Stone Wall x1 |
| 21:45 | BIGxEC · first_market_sell 100 food |
| 22:14 | Nerdyx · wall_segment Stone Wall x1 |
| 22:15 | Such_A_Noob · first_building Castle |
| 22:16 | Nerdyx · wall_segment Stone Wall x1 |
| 22:17 | Nerdyx · wall_segment Stone Wall x1 |
| 23:17 | Nerdyx · wall_segment Stone Wall x1 |
| 23:37 | gdanelutti87 · first_building Siege Workshop |
| 23:54 | Such_A_Noob · first_building Siege Workshop |
| 23:59 | BIGxEC · first_market_buy 100 food |
| 24:22 | Nerdyx · first_building Monastery |
| 24:23 | Nerdyx · first_building Barracks |
| 24:31 | gdanelutti87 · first_market_sell 100 food |
| 26:10 | gdanelutti87 · wall_segment Stone Wall x19 |
| 26:46 | gdanelutti87 · wall_segment Stone Wall x2 |
| 26:48 | gdanelutti87 · wall_segment Stone Wall x1 |
| 27:28 | Nerdyx · first_building Siege Workshop |
| 28:17 | Nerdyx · first_building Castle |
| 28:31 | BIGxEC · first_building Castle |
| 29:13 | Nerdyx · wall_segment Stone Wall x1 |
| 29:32 | Nerdyx · wall_segment Stone Wall x1 |
| 30:47 | gdanelutti87 · wall_segment Stone Wall x22 |
| 31:01 | Nerdyx · wall_segment Stone Wall x1 |
| 31:17 | Nerdyx · wall_segment Stone Wall x1 |
| 31:34 | Nerdyx · wall_segment Stone Wall x1 |
| 32:00 | gdanelutti87 · wall_segment Stone Wall x16 |
| 33:03 | Nerdyx · first_building Archery Range |
| 33:35 | gdanelutti87 · resign |
[ AI ANALYSIS · 1 CREDIT ]
What really happened in this match?
Wolo.gg analyzes every decision: build order, eco, micro, common mistakes by bracket. Personalized analysis on WhatsApp or Discord in 30 seconds.
Civ guide
Britons
Map guide
MegaRandom
Perfil
Nerdyx